Map: 中央管制平台

Players

Sen

  • Race: Zerg Zerg
  • League: Master

FWHas (Has) - Winner!

  • Race: Protoss Protoss
  • League: Master

Event: 2016 WCS Winter Challenger Taiwan

VOD

Have the link to the VOD?

Description

Time

  • Played on: Jan. 16, 2016, 8:35 a.m.
  • Length: 6:28

All games in this series

Show
View Real Time Build Order
Export as new Build Order

Sen Zerg 

Build Orders: Hatch First 

Get SALT Encoding   

  12  0:01  Drone  
  13  0:07  Drone  
  14  0:17  Overlord  
  14  0:25  Extractor  
  14  0:26  Drone  
  15  0:35  Drone x2  
  17  0:45  Drone  
  18  0:57  Hatchery  
  18  1:00  Drone  
  18  1:06  Drone  
  19  1:11  Extractor  
  18  1:20  Spawning Pool  
  18  1:21  Drone  
  18  1:27  Drone  
  19  1:42  Drone  
  20  1:48  Overlord  
  20  2:07  Queen  
  22  2:08  Queen  
  22  2:12  Zergling x6  
  27  2:24  Metabolic Boost  
  27  2:28  Zergling x2  
  28  2:30  Drone x2  
  28  2:33  Drone  
  31  2:42  Drone  
  31  2:43  Drone  
  33  2:54  Overlord  
  33  2:57  Zergling x2  
  34  3:05  Zergling x4  
  34  3:19  Drone x6  
  40  3:20  Drone  
  40  3:24  Drone  
  39  3:35  Roach Warren  
  39  3:39  Drone  
  39  3:40  Drone x2  
  41  3:44  Extractor  
  40  3:48  Overlord  
  40  3:50  Drone  
  40  4:03  Overlord x2  
  39  4:16  Roach x5  
  48  4:29  Roach x2  
  52  4:36  Roach  
  52  4:37  Roach x2  
  57  4:47  Overlord  
  57  4:49  Zergling x6  
  60  4:53  Zergling x2  
  61  5:05  Zergling x16  
  69  5:09  Ravager x3  
  72  5:16  Overlord  
  72  5:23  Ravager  
  73  5:32  Zergling x14  
  73  5:43  Zergling x8  
  75  5:55  Zergling x4  
  62  6:09  Zergling x4  
Show
View Real Time Build Order
Export as new Build Order

FWHas Protoss - Winner!

Build Orders: Dark Templar Rush 

Get SALT Encoding   

  12  0:00  Probe (Chrono Boost)  
  13  0:11  Probe (Chrono Boost)  
  14  0:17  Pylon  
  14  0:22  Probe (Chrono Boost)  
  16  0:35  Probe (Chrono Boost)  
  16  0:36  Gateway  
  16  0:46  Probe (Chrono Boost)  
  16  0:47  Assimilator  
  17  0:57  Probe (Chrono Boost)  
  18  1:00  Gateway  
  18  1:07  Probe (Chrono Boost)  
  19  1:18  Probe (Chrono Boost)  
  20  1:20  Pylon  
  20  1:23  Cybernetics Core  
  20  1:28  Probe (Chrono Boost)  
  21  1:53  Nexus  
  23  2:02  Adept (Chrono Boost)  
  23  2:06  Adept (Chrono Boost)  
  25  2:12  Assimilator  
  25  2:14  Probe  
  26  2:24  Warp Gate  
  26  2:26  Probe  
  27  2:34  Stalker (Chrono Boost)  
  29  2:38  Probe  
  30  2:47  Pylon  
  30  2:49  Twilight Council  
  30  2:52  Probe  
  31  3:05  Probe  
  32  3:09  Probe  
  33  3:17  Probe  
  34  3:20  Probe  
  35  3:29  Probe, Pylon  
  35  3:31  Mothership Core, Resonating Glaives  
  38  3:41  Probe  
  38  3:43  Gateway  
  38  3:47  Pylon  
  39  3:51  Probe  
  39  3:53  Probe  
  41  3:59  Dark Shrine  
  41  4:01  Probe  
  41  4:05  Probe  
  43  4:12  Probe  
  44  4:17  Probe  
  44  4:22  Probe, Pylon  
  46  4:29  Probe  
  47  4:33  Probe  
  47  4:35  Robotics Facility  
  48  4:42  Probe  
  48  4:43  Probe, Pylon  
  48  4:45  Pylon  
  48  4:48  Adept x2  
  48  4:52  Gateway  
  50  4:55  Adept  
  50  4:56  Probe  
  50  4:59  Probe  
  53  5:06  Gateway  
  54  5:08  Gateway  
  54  5:09  Probe  
  54  5:10  Probe  
  56  5:19  Sentry x2  
  56  5:20  Probe  
  60  5:21  Probe, Pylon  
  60  5:27  Assimilator  
  62  5:31  Assimilator  
  62  5:35  Pylon  
  62  5:37  Pylon  
  62  5:40  Pylon  
  62  5:41  Pylon  
  62  5:44  Dark Templar  
  62  5:45  Dark Templar  
  66  5:51  Probe  
  66  5:53  Probe  
  63  6:01  Adept  
  63  6:02  Probe  
  66  6:06  Adept  
  66  6:10  Probe  
  61  6:15  Gateway  
Tags
 
Add a new tag
Caveats
  • Supply blocks, unpowered buildings, or Contaminate may cause inaccurate times.
  • Supply counts are checked every 10 seconds.